 Dungeon Crawl Stone Soup version 0.27.0-1-g7a089689b8 (webtiles) character file.

Game seed: 15822722765237672452

48 Smaepdii the Bolt Thrower (level 4, -3/25 HPs)
             Began as a Kobold Arcane Marksman on Aug 1, 2021.
             Was a Believer of Elyvilon.
             Slain by a gnoll (7 damage)
             ... on level 3 of the Dungeon.
             The game lasted 00:20:26 (2005 turns).

Smaepdii the Bolt Thrower (Kobold Arcane Marksman)  Turns: 2005, Time: 00:20:27

Health: -3/25      AC:  5    Str:  7    XL:     4   Next: 0%
Magic:  4/6        EV: 15    Int: 14    God:    Elyvilon [**....]
Gold:   80         SH:  0    Dex: 16    Spells: 1/5 levels left

rFire    . . .     SeeInvis .   b - +0 short sword
rCold    . . .     Faith    .   (shield restricted)
rNeg     . . .     Spirit   .   d - +2 robe
rPois    .         Reflect  .   (no helmet)
rElec    .         Harm     .   (no cloak)
rCorr    .         Rampage  .   (no gloves)
Will     .....                  f - +0 pair of boots
Stlth    +++.......             (no amulet)
HPRegen  0.08/turn              (no ring)
MPRegen  0.10/turn              (no ring)

@: no status effects
A: small, no large weapons, nightstalker 3
a: Renounce Religion, Lesser Healing, Heal Other, Divine Protection


You were on level 3 of the Dungeon.
You worshipped Elyvilon.
Elyvilon was pleased with you.
You visited 1 branch of the dungeon, and saw 3 of its levels.

You collected 80 gold pieces.

Inventory:

Hand Weapons
 a - a +0 hand crossbow
 b - a +0 short sword (weapon)
Armour
 d - a +2 robe (worn)
 f - a +0 pair of boots (worn)
Wands
 e - a wand of paralysis (2)


   Skills:
 + Level 1.4 Fighting
 + Level 0.1 Short Blades
 + Level 3.4 Crossbows
 + Level 3.0 Dodging
 + Level 0.4 Stealth
 + Level 1.4 Spellcasting
 + Level 3.3 Hexes


You had one spell level left.
You knew the following spells:

 Your Spells              Type           Power      Damage    Failure   Level
a - Corona                Hex            11%        N/A       6%          1
b - Portal Projectile     Hex/Tloc       10%        N/A       36%         3

Your spell library contained the following spells:

 Spells                   Type           Power      Damage    Failure   Level
 Slow                     Hex            10%        N/A       10%         2
 Inner Flame              Hex/Fire       5%         N/A       36%         3
 Cause Fear               Hex            5%         N/A       52%         4
 Petrify                  Tmut/Erth      1%         N/A       94%         4
 Metabolic Englaciation   Hex/Ice        2%         N/A       98%         5
 Statue Form              Tmut/Erth      0%         N/A       100%        6


Dungeon Overview and Level Annotations

Branches:
Dungeon (3/15)

Altars:
Elyvilon

Shops:
D:1 (


Innate Abilities, Weirdness & Mutations

You are small and have problems with some larger weapons.
You are completely attuned to the shadows.


Message History

Aim: a gnoll, wielding a +0 club (chance to affect: 54%)
The gnoll resists with significant effort.
The gnoll shouts!
You hear a shout!
The jackal misses you. The gnoll closely misses you.
Aiming: Paralyse
Press: ? - help, Shift-Dir - straight line, f/p - gnoll
Aim: a gnoll, wielding a +0 club (chance to affect: 54%)
The gnoll resists with significant effort.
The jackal closely misses you.
A gnoll comes into view. It is wielding a +0 club.
The jackal bites you but does no damage.
The gnoll hits you with a +0 club.
Aiming: Paralyse
Press: ? - help, Shift-Dir - straight line, f/p - gnoll
Aim: a gnoll, wielding a +0 club (chance to affect: 54%)
The gnoll resists with significant effort.
The jackal barely misses you. The gnoll closely misses you.
The gnoll hits you with a +0 club.
You hit the jackal but do no damage. The jackal closely misses you.
The gnoll hits you from afar with a +0 spear.
The jackal closely misses you. The gnoll closely misses you.
The gnoll barely misses you.
You hit the jackal.
The jackal is moderately wounded.
The jackal barely misses you. The gnoll closely misses you.
The gnoll completely misses you. The gnoll hits you with a +0 club.
* * * LOW HITPOINT WARNING * * *
The gnoll misses you.
You hit the jackal.
The jackal is almost dead.
The jackal bites you but does no damage.
The gnoll misses you. The jackal barely misses you.
The gnoll hits you with a +0 club.
* * * LOW HITPOINT WARNING * * *
The gnoll closely misses you. The gnoll misses you.
You barely miss the jackal.
The jackal is almost dead.
The jackal misses you.
The gnoll hits you from afar with a +0 spear!
You die...

#.#. #.(J
########## #...
#.........#
...g##g........#
..SSh@gg.......#
#..J##g........#
#... #........<#
"... #........)#
#... #####.#####
#.# ..


You could see 4 gnolls, an adder, an endoplasm, a jackal, a hobgoblin and a ball
python.

Vanquished Creatures
  2 orcs
  5 endoplasms
  2 giant cockroaches (D:1)
  4 goblins
  8 hobgoblins
  3 jackals (D:3)
  2 quokkas (D:2)
  A ball python (D:1)
  2 bats
  A frilled lizard (D:1)
  5 kobolds
  5 rats
40 creatures vanquished.

Notes
Turn   | Place    | Note
-------+----------+-------------------------------------------
     0 | D:1      | Smaepdii the Kobold Arcane Marksman began the quest for the
                  | Orb.
     0 | D:1      | Reached XP level 1. HP: 12/12 MP: 2/2
    88 | D:1      | Found Pangal's Antique Weapon Shop.
   108 | D:1      | Reached XP level 2. HP: 12/16 MP: 3/3
   138 | D:1      | Learned a level 2 spell: Slow
   283 | D:1      | Found a faded altar of an unknown god.
   291 | D:1      | Became a worshipper of Elyvilon the Healer
   291 | D:1      | Reached * piety under Elyvilon
   538 | D:1      | Reached XP level 3. HP: 20/20 MP: 4/4
  1793 | D:2      | Reached ** piety under Elyvilon
  1955 | D:2      | Learned a level 3 spell: Portal Projectile
  1998 | D:3      | Reached XP level 4. HP: 20/25 MP: 3/6
  2005 | D:3      | Slain by a gnoll

Illustrated notes

Levels and vault maps discovered:
D:1:      minmay_arrival_semitransparent, layout_basic, serial_shops,
          nicolae_shop_window_shopping, serial_forest,
          infiniplex_forest_clump_double, infiniplex_forest_clump_medium,
          infiniplex_forest_join, infiniplex_forest_clump_tiny,
          infiniplex_forest_corner_1, infiniplex_forest_clump_tiny,
          infiniplex_forest_straight_4, infiniplex_forest_zigzag_2,
          infiniplex_forest_corner_1, shapermc_ecumenical_altar_mp_highgroup,
          minmay_misc_feat_plants
D:2:      layout_basic
D:3:      layout_rooms, gammafunk_temple_overflow_statue, roderic_roman_lattice

Skill      XL: |  1  2  3 |
---------------+----------+-----
Crossbows      | 3 |  3.4
Dodging        | 3 |  3.0
Fighting       | |  1.4
Short Blades   | |  0.1
Stealth        | |  0.4
Spellcasting   | |  1.4
Hexes          | |  3.3

Action                   |  1- 3 |  4- 6 || total
-------------------------+-------+-------++-------
Melee: Short sword       |    21 |     4 ||    25
 Fire: Hand crossbow     |    77 |       ||    77
 Cast: Corona            |    10 |       ||    10
Evoke: Wand              |     1 |     4 ||     5
  Use: Scroll            |     4 |       ||     4
       Potion            |     4 |       ||     4
Armor: Robe              |    12 |     2 ||    14
Dodge: Dodged            |    41 |    20 ||    61
